 Seeded DCSS version 0.28.0-43-g3370ac3207 (webtiles) character file.

Game seed: 7028883980165141862 (custom seed)

26642 cbfl8 the Fencer (level 13, -1/130 HPs)
             Began as a Minotaur Delver on Mar 10, 2022.
             Was a High Priest of Ashenzari.
             Slain by a 20-headed hydra (12 damage)
             ... on level 13 of the Dungeon on Mar 11, 2022.
             The game lasted 00:33:34 (18928 turns).

cbfl8 the Fencer (Minotaur Delver)                 Turns: 18928, Time: 00:33:34

Health: -1/130     AC: 30    Str: 18    XL:     13   Next: 0%
Magic:  12/12      EV: 10    Int:  7    God:    Ashenzari [*****.]
Gold:   727        SH:  7    Dex: 23    Spells: 12/12 levels left

rFire   . . .      SeeInvis +   h - +5 long sword of the Ruined Failure {venom, *Rage rElec rPois Dex+7, Range, Fort} (curse)
rCold   . . .      Faith    .   O - +0 buckler "Oracular Trepidation" {Self, Fort} (curse)
rNeg    . . .      Spirit   .   o - +0 plate armour of Curses and Power {Self, Evo} (curse)
rPois   +          Reflect  .   (helmet restricted)
rElec   +          Harm     .   A - +0 cloak of Ashenzari's Asceticism {Bglg, Comp} (curse)
rCorr   .          Rampage  .   l - +2 pair of gloves "Elitism of Ashenzari" {Alch, Bglg} (curse)
Will    .....      Clarity  +   T - +1 pair of boots of the All-seeing Ordeal {Bglg, Comp} (curse)
Stlth   ..........              J - amulet of the Eternal Pleiades {Regen+, Bglg, Range} (curse)
HPRegen 1.11/turn               i - ring of Ashenzari's Loss {SInv, Cun, Bglg} (curse)
MPRegen 0.13/turn               C - ring of Supernal Wisdom {AC+4, Bglg, Melee} (curse)

@: no status effects
A: horns 2, retaliatory headbutt
a: Renounce Religion, Shatter the Chains


You were on level 13 of the Dungeon.
You worshipped Ashenzari.
Ashenzari was extremely pleased with you.
You visited 2 branches of the dungeon, and saw 15 of its levels.
You also visited: Sewer and Ossuary.

You collected 941 gold pieces.
You spent 214 gold pieces at shops.

Inventory:

Hand Weapons
 h - the cursed +5 long sword of the Ruined Failure (weapon) {venom, *Rage rElec rPois Dex+7, Range, Fort}
   (You found it on level 5 of the Dungeon)

   It poisons the flesh of those it strikes.
   Dex:       It affects your dexterity (+7).
   rElec:     It insulates you from electricity.
   rPois:     It protects you from poison.
   *Rage:     It berserks you when you make melee attacks (+20% chance).
   It has a curse which improves the following skills: Ranged Combat: Slings,
   Bows, Crossbows and Throwing.
   Fortitude: Armour and Shields.
 y - a +2 quarterstaff of chaos
 E - a +6 dire flail
 F - a +0 vorpal broad axe
Armour
 b - a +0 chain mail
 l - the cursed +2 pair of gloves "Elitism of Ashenzari" (worn) {Alch, Bglg}
   (You found it on level 4 of the Dungeon)

   It has a curse which improves the following skills: Alchemy: Poison Magic and
   Transmutations.
   Beguiling: Conjurations, Hexes and Translocations.
 o - the cursed +0 plate armour of Curses and Power (worn) {Self, Evo}
   (You found it on level 5 of the Dungeon)

   It has a curse which improves the following skills: Introspection: Fighting
   and Spellcasting.
   Evocations: Evocations.
 A - the cursed +0 cloak of Ashenzari's Asceticism (worn) {Bglg, Comp}
   (You took it off Crazy Yiuf on level 2 of the Dungeon)

   It has a curse which improves the following skills: Beguiling: Conjurations,
   Hexes and Translocations.
   Companions: Summonings and Necromancy.
 B - a +0 ring mail
 L - a +1 cloak
 O - the cursed +0 buckler "Oracular Trepidation" (worn) {Self, Fort}
   (You found it on level 12 of the Dungeon)

   It has a curse which improves the following skills: Introspection: Fighting
   and Spellcasting.
   Fortitude: Armour and Shields.
 S - a +3 troll leather armour {Snorg}
 T - the cursed +1 pair of boots of the All-seeing Ordeal (worn) {Bglg, Comp}
   (You bought it in a shop on level 13 of the Dungeon)

   It has a curse which improves the following skills: Beguiling: Conjurations,
   Hexes and Translocations.
   Companions: Summonings and Necromancy.
Jewellery
 i - the cursed ring of Ashenzari's Loss (left hand) {SInv, Cun, Bglg}
   (You found it on level 5 of the Dungeon)

   [ring of see invisible]

   SInv:      It lets you see invisible.
   It has a curse which improves the following skills: Cunning: Dodging and
   Stealth.
   Beguiling: Conjurations, Hexes and Translocations.
 C - the cursed ring of Supernal Wisdom (right hand) {AC+4, Bglg, Melee}
   (You found it on level 7 of the Dungeon)

   [ring of protection]

   AC:        It affects your AC (+4).
   It has a curse which improves the following skills: Beguiling: Conjurations,
   Hexes and Translocations.
   Melee Combat: Short Blades, Long Blades, Axes, Maces & Flails, Polearms,
   Staves and Unarmed Combat.
 H - a ring of ice
 I - a ring of resist corrosion
 J - the cursed amulet of the Eternal Pleiades (around neck) {Regen+, Bglg, Range}
   (You found it on level 9 of the Dungeon)

   [amulet of regeneration]

   Regen:     It increases your rate of health regeneration.
   It has a curse which improves the following skills: Beguiling: Conjurations,
   Hexes and Translocations.
   Ranged Combat: Slings, Bows, Crossbows and Throwing.
 M - an amulet of guardian spirit
 N - a +6 ring of dexterity
 V - a ring of protection from cold
Wands
 a - a wand of paralysis (5)
 g - a wand of digging (9)
 G - a wand of acid (12)
 K - a wand of charming (2)
 U - a wand of polymorph (4)
Scrolls
 c - a scroll of fog
 d - a scroll of magic mapping
 e - 4 scrolls of fear
 k - 4 scrolls of teleportation
 q - 2 scrolls of noise
 r - a scroll of brand weapon
 t - 3 scrolls of summoning
 v - 3 scrolls of amnesia
 w - 2 scrolls of enchant armour
 P - a scroll of silence
 Q - a scroll of holy word
 W - a scroll of enchant weapon
Potions
 f - 3 potions of haste
 j - 2 potions of berserk rage
 n - a potion of mutation
 s - 2 potions of brilliance
 u - 3 potions of curing
 x - a potion of cancellation
 z - 2 potions of ambrosia
 D - a potion of might


   Skills:
 + Level 13.2(16.6) Fighting
 + Level 15.3(17.5) Long Blades
 + Level 2.6(4.5) Axes
 + Level 14.4(17.8) Armour
 + Level 4.2(6.4) Dodging
 + Level 6.7(9.1) Stealth
 + Level 4.1(7.2) Shields


You had 12 spell levels left.
You didn't know any spells.
Your spell library contained the following spells:

 Spells                   Type           Power      Damage    Failure   Level
 Animate Skeleton         Necr           0%         N/A       99%         1
 Foxfire                  Conj/Fire      0%         2x1d4     99%         1
 Pain                     Necr           0%         1d4       99%         1
 Sandblast                Erth           0%         2d4       99%         1
 Passwall                 Tmut/Erth      0%         N/A       100%        2
 Conjure Flame            Conj/Fire      0%         6-21      100%        3
 Frozen Ramparts          Ice            0%         1d2       100%        3
 Inner Flame              Hex/Fire       0%         N/A       100%        3
 Ozocubu's Armour         Ice            0%         N/A       100%        3
 Stone Arrow              Conj/Erth      0%         3d7       100%        3
 Tukima's Dance           Hex            1%         N/A       100%        3
 Vampiric Draining        Necr           0%         2d6       100%        3
 Anguish                  Hex/Necr       0%         N/A       100%        4
 Flame Wave               Conj/Fire      0%         2d4       100%        4
 Ice Form                 Ice/Tmut       0%         N/A       100%        4
 Summon Ice Beast         Ice/Summ       0%         N/A       100%        4
 Agony                    Necr           0%         N/A       100%        5
 Excruciating Wounds      Necr           0%         N/A       100%        5
 Metabolic Englaciation   Hex/Ice        0%         N/A       100%        5
 Simulacrum               Ice/Necr       0%         N/A       100%        6
 Enfeeble                 Hex            0%         N/A       100%        7


Dungeon Overview and Level Annotations

Branches:
Dungeon (14/15)            Temple (1/1) D:4            Lair (0/6) D:9
    Orc (0/2) D:10         Vaults (0/5) D:13          Sewer (visited)
Ossuary (visited)

Altars:
Ashenzari
Cheibriados
Dithmenos
Elyvilon
Fedhas
Gozag
Hepliaklqana
Kikubaaqudgha
Makhleb
Nemelex Xobeh
Okawaru
Qazlal
Ru
Sif Muna
Trog
Uskayaw
Vehumet
Wu Jian
Xom
Yredelemnul
Zin
The Shining One
Beogh

Shops:
D:5 :   D:7 *   D:13 *

Annotations:
D:4 3 runed translucent doors, cbfl8's ghost, novice MiDe


Innate Abilities, Weirdness & Mutations

You have a pair of horns on your head.
You reflexively headbutt those who attack you in melee.


Message History

The 19-headed hydra bites you but does no damage.
The 19-headed hydra bites you!
You lop one of the 19-headed hydra's heads off!
The 18-headed hydra grows two more!
You slash the 20-headed hydra! You headbutt the 20-headed hydra.
The 20-headed hydra is moderately wounded.
The 20-headed hydra bites you!
The 20-headed hydra bites you but does no damage.
The 20-headed hydra bites you!
The 20-headed hydra bites you but does no damage.
The 20-headed hydra barely misses you. The 20-headed hydra closely misses you.
The 20-headed hydra bites you but does no damage.
The 20-headed hydra misses you.
The 20-headed hydra bites you but does no damage.
You block the 20-headed hydra's attack. The 20-headed hydra bites you.
You block the 20-headed hydra's attack.
The 20-headed hydra bites you but does no damage.
The 20-headed hydra closely misses you. The 20-headed hydra bites you.
* * * LOW HITPOINT WARNING * * *
The 20-headed hydra closely misses you.
The 20-headed hydra bites you but does no damage. x2
You block the 20-headed hydra's attack.
The 20-headed hydra bites you but does no damage.
Really read the scroll of immolation?
As you read the scroll of immolation, it crumbles to dust.
The creatures around you are filled with an inner flame!
The 20-headed hydra closely misses you. You furiously retaliate!
You headbutt the 20-headed hydra!
Flame seeps out of the 20-headed hydra.
The 20-headed hydra bites you but does no damage.
The 20-headed hydra bites you!
* * * LOW HITPOINT WARNING * * *
The 20-headed hydra bites you!
* * * LOW HITPOINT WARNING * * *
You block the 20-headed hydra's attack. The 20-headed hydra bites you.
* * * LOW HITPOINT WARNING * * *
The 20-headed hydra barely misses you. The 20-headed hydra bites you!
* * * LOW HITPOINT WARNING * * *
The 20-headed hydra bites you but does no damage.
The 20-headed hydra barely misses you. The 20-headed hydra bites you!
You die...

......###########.##.###
.♣♣...###########.##.###
.♣♣...######......##.###
..♣...'......#.#####.###
......######.#.#.....###
...............#.#######
.##########.####.#######
..#### ###.####D######
..### *#.......@###
..#.,. ###.########
..##.* ###.########
..#.# * ###.########
..#.##. ###.###
......#.###.###
..#.#######.####
..........#.####
............####


You could see a 20-headed hydra (inner flame).

Vanquished Creatures
  Nessos (D:12)
  Snorg (D:12)
  Harold (D:9)
  A hydra (D:13)
  2 centaur warriors (D:13)
  An ogre mage (D:13)
  8 two-headed ogres
  A skeletal warrior (D:13)
  An orc knight (D:13)
  2 ugly things
  2 cyclopes (D:13)
  3 gargoyles
  An unseen horror (D:9)
  A kobold demonologist (D:13)
  Maggie (D:6)
  4 trolls
  Sigmund (D:5)
  A wraith (D:13)
  2 shadows
  2 wyverns
  15 yaks
  A vampire (D:12)
  Grum (D:9)
  A golden eye (shapeshifter) (D:13)
  A steam dragon (D:8)
  4 vampire mosquitoes
  4 wargs (D:12)
  2 acid dragons
  2 water moccasins
  2 ice beasts
  A black bear (D:5)
  7 orc warriors
  3 ogres (D:13)
  A sky beast (D:6)
  2 necrophages
  7 wolves (D:9)
  5 centaurs
  2 phantoms
  7 kobold brigands
  A gnoll sergeant (D:8)
  5 bullfrogs
  3 scorpions
  A water moccasin skeleton (D:5)
  A wyvern skeleton (D:6)
  14 killer bees
  8 wights
  6 electric eels
  6 howler monkeys
  2 jellies
  2 centaur zombies (D:6)
  A lava snake (D:8)
  5 centaur skeletons
  4 orc priests
  A gnoll shaman (D:9)
  5 hounds
  Crazy Yiuf (D:2)
  6 iguanas
  9 orc wizards
  A killer bee zombie (D:7)
  9 mummies
  A howler monkey zombie (D:5)
  7 gnolls
  2 river rats
  8 adders
  2 white imps
  2 ufetubi
  3 worms
  5 dart slugs
  32 orcs
  8 ball pythons
  4 bats
  6 endoplasms
  2 giant cockroaches
  4 goblins
  8 hobgoblins
  3 jackals (D:1)
  2 quokkas
  3 frilled lizards
  2 gnoll zombies (Ossuary)
  11 kobolds
  2 kobold zombies (Ossuary)
  4 orc zombies (Ossuary)
  11 rats
328 creatures vanquished.

Vanquished Creatures (others)
  An orc wizard (D:12)
  2 giant cockroaches (D:6)
  3 kobolds (D:9)
  2 plants (D:3)
8 creatures vanquished.

Grand Total: 336 creatures vanquished

Notes
Turn   | Place    | Note
-------+----------+-------------------------------------------
     0 | D:5      | cbfl8 the Minotaur Delver began the quest for the Orb.
     0 | D:5      | Reached XP level 1. HP: 19/19 MP: 0/0
     6 | D:5      | Identified the +5 long sword "Pamiu" {venom, *Rage rElec
                  | rPois Dex+7}
   134 | D:4      | Noticed a necrophage
   144 | D:4      | Killed a necrophage
   145 | D:4      | Reached skill level 5 in Stealth
   145 | D:4      | Reached XP level 2. HP: 7/27 MP: 1/1
   145 | D:4      | Reached XP level 3. HP: 9/33 MP: 2/2
   145 | D:4      | Reached XP level 4. HP: 11/40 MP: 3/3
   423 | D:4      | Found a sand-covered staircase.
   430 | D:4      | Reached skill level 1 in Long Blades
   433 | Ossuary  | Entered an ossuary
  1050 | Ossuary  | Reached XP level 5. HP: 46/46 MP: 4/4
  1097 | Ossuary  | Reached skill level 1 in Armour
  1364 | Ossuary  | Reached skill level 2 in Long Blades
  2686 | D:2      | Reached skill level 3 in Long Blades
  2999 | D:2      | Found a runed translucent door.
  3000 | D:2      | Noticed Crazy Yiuf
  3215 | D:2      | Killed Crazy Yiuf
  3216 | D:2      | Reached XP level 6. HP: 49/53 MP: 5/5
  3539 | D:3      | Found a faded altar of an unknown god.
  5226 | D:4      | Reached XP level 7. HP: 60/60 MP: 6/6
  5267 | D:4      | Reached skill level 4 in Long Blades
  5827 | D:4      | Found a runed translucent gate.
  5828 | D:4      | Found a runed translucent gate.
  5832 | D:4      | Noticed cbfl8's ghost (novice MiDe)
  5833 | D:4      | Found a runed translucent gate.
  5836 | D:4      | Identified the +0 chain mail "Luqui" {-Tele rCorr Str+10
                  | Dex-4}
  6094 | D:4      | Found a staircase to the Ecumenical Temple.
  6116 | Temple   | Entered the Ecumenical Temple
  6718 | Temple   | Became a worshipper of Ashenzari the Shackled
  7049 | D:5      | Reached skill level 5 in Fighting
  7073 | D:5      | Reached skill level 5 in Long Blades
  7089 | D:5      | Reached skill level 5 in Armour
  7089 | D:5      | Reached XP level 8. HP: 44/68 MP: 7/7
  7284 | D:5      | Found Yrphaer's Self-Improvement Boutique.
  7364 | D:5      | Noticed Sigmund
  7821 | D:5      | Killed Sigmund
  7822 | D:5      | Reached skill level 6 in Long Blades
  7966 | D:6      | Found a glowing drain.
  7972 | D:6      | Noticed Maggie
  8439 | D:6      | Paralysed by Maggie for 4 turns
  8441 | D:6      | Killed Maggie
  8442 | D:6      | Reached skill level 7 in Long Blades
  8462 | Sewer    | Entered a sewer
  8665 | Sewer    | Reached XP level 9. HP: 77/78 MP: 8/8
  8956 | D:6      | Reached * piety under Ashenzari
  9582 | D:7      | Reached skill level 8 in Long Blades
  9808 | D:7      | Reached ** piety under Ashenzari
 10018 | D:7      | Found Umeczu Cise's Assorted Antiques.
 10351 | D:7      | Identified the +0 ring mail "Xele Lolody" {rElec Will-
                  | Dex+9}
 10474 | D:7      | Reached skill level 9 in Long Blades
 10598 | D:7      | Noticed a two-headed ogre
 10623 | D:7      | Killed a two-headed ogre
 10624 | D:7      | Reached skill level 10 in Long Blades
 10624 | D:7      | Reached XP level 10. HP: 33/91 MP: 9/9
 11185 | D:8      | Identified the +0 chain mail "Fotwokke" {Harm rElec Dex+3}
 11200 | D:8      | Noticed a two-headed ogre
 11211 | D:8      | Killed a two-headed ogre
 11464 | D:8      | Reached skill level 11 in Long Blades
 11755 | D:8      | Reached skill level 10 in Armour
 12282 | D:9      | Found a staircase to the Lair.
 12442 | D:9      | Reached skill level 12 in Long Blades
 12523 | D:9      | Noticed a two-headed ogre
 12535 | D:9      | Killed a two-headed ogre
 12727 | D:9      | Reached XP level 11. HP: 101/101 MP: 10/10
 12789 | D:9      | Noticed Grum
 12797 | D:9      | Killed Grum
 12913 | D:9      | Reached *** piety under Ashenzari
 12935 | D:9      | Found a bloodstained altar of Trog.
 12937 | D:9      | Noticed Harold
 12971 | D:9      | Killed Harold
 12972 | D:9      | Reached skill level 10 in Fighting
 13932 | D:10     | Entered Level 10 of the Dungeon
 14026 | D:10     | Reached **** piety under Ashenzari
 14488 | D:10     | Noticed a two-headed ogre
 14494 | D:10     | Killed a two-headed ogre
 14495 | D:10     | Reached skill level 13 in Long Blades
 14607 | D:10     | Found a staircase to the Orcish Mines.
 14744 | D:11     | Noticed a two-headed ogre
 14744 | D:11     | Noticed a two-headed ogre
 14755 | D:10     | Killed a two-headed ogre
 14915 | D:10     | Killed a two-headed ogre
 15232 | D:11     | Noticed a two-headed ogre
 15586 | D:11     | Killed a two-headed ogre
 15730 | D:12     | Reached skill level 14 in Long Blades
 16123 | D:12     | Reached XP level 12. HP: 65/115 MP: 11/11
 16222 | D:12     | Reached ***** piety under Ashenzari
 16431 | D:12     | Noticed Nessos
 16725 | D:12     | Killed Nessos
 16948 | D:12     | Reached skill level 1 in Shields
 17249 | D:13     | Noticed Snorg
 17249 | D:13     | Noticed a centaur warrior
 17253 | D:13     | Noticed a seven-headed hydra
 17269 | D:12     | Killed Snorg
 17849 | D:13     | Noticed a centaur warrior
 17861 | D:13     | Killed a centaur warrior
 18065 | D:13     | Found Fufez's General Store.
 18073 | D:13     | Bought a potion of heal wounds for 65 gold pieces
 18073 | D:13     | Bought a +1 pair of boots for 149 gold pieces
 18157 | D:13     | Found a gate to the Vaults.
 18158 | D:13     | Noticed a two-headed ogre
 18220 | D:13     | Noticed an ogre mage
 18244 | D:13     | Killed a two-headed ogre
 18272 | D:13     | Paralysed by an ogre mage for 4 turns
 18282 | D:13     | Paralysed by an ogre mage for 2 turns
 18286 | D:13     | Killed an ogre mage
 18315 | D:13     | Reached skill level 15 in Long Blades
 18340 | D:13     | Killed a centaur warrior
 18347 | D:13     | Killed a 14-headed hydra
 18470 | D:13     | Reached XP level 13. HP: 103/130 MP: 12/12
 18609 | D:13     | HP: 5/130 [20-headed hydra (2)]
 18928 | D:13     | Slain by a 20-headed hydra

Illustrated notes

Levels and vault maps discovered:
D:1:      lordsloth_arrival_two_stooges, layout_basic
D:2:      layout_basic, amcnicky_mini_pool_small, minmay_misc_feat_more_columns,
          due_unseen_surprise, uniq_crazy_yiuf_cottage
D:3:      layout_basic, shapermc_ecumenical_altar_mp_ritualfount, fountainhead,
          grunt_decor_arrowhead
D:4:      layout_gridville, temple_hall, biasface_ghost_orc_armoury,
          gup_ossuary_entry_pyramid
D:5:      layout_basic, nicolae_shop_self_help, uniq_sigmund
D:6:      layout_loops_ring, portal_sewer_entry_a, uniq_maggie
D:7:      minmay_blocky_corners, layout_basic, serial_shops, nicolae_shop_trees,
          kennysheep_nub
D:8:      layout_basic, nicolae_lava_and_water
D:9:      layout_basic, mainiacjoe_overflow_brackets, erik_lair_island,
          serial_aquarium, aquarium_bridge_island_small
          [aquarium_subvault_small_water, aquarium_subvault_window,
          aquarium_subvault_bridge, aquarium_subvault_wall,
          aquarium_subvault_bridge], aquarium_bridge_long_joined
          [aquarium_subvault_bridge, aquarium_subvault_wall,
          aquarium_subvault_balcony, aquarium_subvault_bridge,
          aquarium_subvault_window, aquarium_subvault_wall], aquarium_window_2,
          aquarium_window_3, aquarium_view_2b, uniq_harold, uniq_grum
D:10:     layout_cave_pods, orc_0_dummy, serial_park, serial_park_fountain,
          serial_park_square2, serial_park_avenue1, serial_park_tiny_2
D:11:     layout_roguey
D:12:     layout_gridville, nooodl_orcs_dogs, uniq_nessos
D:13:     layout_basic, hangedman_vaults_entry_quadrant_bands, serial_shops,
          shop, uniq_snorg
D:14:     layout_roguey, serial_shops, kennysheep_mini, minmay_diced_spiral
Temple:   mainiacjoe_temple_starburst

Skill      XL: |  1  2  3  4  5  6  7  8  9 10 11 12 |
---------------+-------------------------------------+-----
Fighting       | 4 5 6 8 9 11 13 | 13.2
Stealth        | 5 6 |  6.7
Long Blades    | 1 3 5 7 10 12 14 15 | 15.3
Armour         | 2 3 5 6 9 11 13 14 | 14.4
Dodging        | 3 4 |  4.2
Shields        | 4 |  4.1
Axes           | |  2.6

Action                   |  1- 3 |  4- 6 |  7- 9 | 10-12 | 13-15 || total
-------------------------+-------+-------+-------+-------+-------++-------
Melee: Long sword        |     5 |   126 |   208 |   567 |    19 ||   925
       Punch             |     1 |       |     5 |     9 |       ||    15
       Headbutt          |       |    22 |    44 |   147 |     5 ||   218
Invok: Curse Item        |       |       |     4 |     5 |       ||     9
Evoke: Wand              |       |     1 |       |       |       ||     1
  Use: Scroll            |       |     3 |     5 |     1 |     2 ||    11
       Potion            |       |       |     7 |     4 |     3 ||    14
 Stab: Sleeping          |       |     9 |     2 |       |       ||    11
       Distracted        |       |     1 |       |       |       ||     1
       Invisible         |       |       |     1 |       |       ||     1
Armor: Leather armour    |     1 |    20 |       |       |       ||    21
       Ring mail         |       |     8 |    31 |       |       ||    39
       Plate armour      |       |       |   122 |   407 |   140 ||   669
Dodge: Dodged            |     2 |    93 |   154 |   299 |    73 ||   621
Block: Buckler           |       |       |       |    67 |    38 ||   105
